AoeStats
← 17 The King

Highland

504319062Analyzed
2v2 RM · 27d ago on Sep 4, 2026· 26m 39s· 4 players
Game mode
Random Map
Map size
Medium (4 player)
Population
200
Speed
Normal
Resources
Standard
Victory
Conquest
Starting age
Dark Age
Ending age
Imperial Age
RankedLock teamsTeams togetherTeam positionsShared explorationLock speedFull tech treeHidden civsTurbo modeCheats
Victory
Defeat
🇺🇸 Burgundians · United States
1086
+14
🇺🇸 Ethiopians · United States
1086
+14
🇳🇱 Huns · Netherlands
1110
-17
🇳🇱 Magyars · Netherlands
981
-11
Milk Fart
3:09 Double-Bit Axe
6:22 Loom
9:26 Feudal Age
9:57 Horse Collar
10:28 Bow Saw
11:47 Town Watch
15:25 Wheelbarrow
15:23 Gold Mining
16:04 Scale Barding Armor
19:31 Castle Age
17:55 Forging
18:02 Heavy Plow
19:44 Cavalier
20:24 Husbandry
21:51 Two-Man Saw
21:57 Gold Mining
24:04 Chain Barding Armor
25:33 Iron Casting
Melk Fart
10:20 Feudal Age
11:14 Man-at-Arms
12:22 Fletching
14:28 Double-Bit Axe
18:34 Wheelbarrow
23:43 Castle Age
22:06 Padded Archer Armor
23:45 Crossbowman
25:13 Bow Saw
25:05 Bodkin Arrow
Rini
11:31 Feudal Age
12:05 Double-Bit Axe
21:36 Castle Age
23:39 Stone Mining
24:13 Bow Saw
17 The King
7:58 Loom
10:55 Feudal Age
14:19 Double-Bit Axe
14:20 Horse Collar
17:11 Town Watch
18:15 Fletching
20:58 Castle Age
20:03 Fletching
21:51 Bow Saw
22:51 Padded Archer Armor
23:23 Heavy Plow
Connection lost

Rejoining the realm…

Still unreachable

The connection could not be restored.

Session expired

The server has moved on; the page needs a fresh start.